 Dungeon Crawl Stone Soup version 0.27.1 (webtiles) character file.

Game seed: 6388698831667295901

59 Atelerd the Digger (level 4, -13/27 HPs)
             Began as an Octopode Earth Elementalist on Sept 2, 2021.
             Blown up by Ijyb (31 damage)
             ... with a mindburst bolt
             ... on level 3 of the Dungeon.
             The game lasted 00:01:47 (2291 turns).

Atelerd the Digger (Octopode Earth Elementalist)    Turns: 2291, Time: 00:01:48

Health: -13/27     AC:  1    Str:  7    XL:     4   Next: 3%
Magic:  7/8        EV: 13    Int: 18    God:
Gold:   133        SH:  0    Dex: 12    Spells: 7/8 levels left

rFire    . . .     SeeInvis +   k - +0 dagger
rCold    . . .     Faith    .   (no shield)
rNeg     . . .     Spirit   .   (helmet restricted)
rPois    .         Reflect  .   (no amulet)
rElec    .         Harm     .   j - ring of see invisible
rCorr    .         Rampage  .   (no ring)
Will     .....                  (no ring)
Stlth    +++.......             (no ring)
HPRegen  0.09/turn              (no ring)
MPRegen  0.11/turn              (no ring)
                                (no ring)
                                (no ring)

@: no status effects
A: almost no armour, amphibious, 8 rings, camouflage 1, gelatinous body 1,
(nimble swimmer 1), tentacles
a: no special abilities


You were on level 3 of the Dungeon.
You visited 1 branch of the dungeon, and saw 3 of its levels.

You collected 133 gold pieces.

Inventory:

Hand Weapons
 k - a +0 dagger (weapon)
Missiles
 b - 65 stones
Jewellery
 j - a ring of see invisible (left tentacle)
Wands
 i - a wand of paralysis (10)
Scrolls
 a - a scroll of torment {unknown}
 d - a scroll of amnesia {unknown}
 g - 2 scrolls of magic mapping {unknown}
 l - a scroll of noise {unknown}
Potions
 c - a potion of magic {unknown}
 e - a potion of attraction {unknown}
 f - a potion of degeneration {unknown}
 h - a potion of curing {unknown}
 m - 2 potions of heal wounds {unknown}


   Skills:
 - Level 2.0 Dodging
 - Level 2.6 Stealth
 + Level 2.7 Spellcasting
 + Level 2.2 Transmutations
 + Level 3.7 Earth Magic


You had 7 spell levels left.
You knew the following spells:

 Your Spells              Type           Power      Damage    Failure   Level
a - Sandblast             Erth           30%        2d9       3%          1

Your spell library contained the following spells:

 Spells                   Type           Power      Damage    Failure   Level
 Passwall                 Tmut/Erth      10%        N/A       8%          2
 Stone Arrow              Conj/Erth      18%        3d8       24%         3
 Sublimation of Blood     Necr           1%         N/A       26%         2
 Petrify                  Tmut/Erth      13%        N/A       45%         4
 Irradiate                Conj/Tmut      3%         3d15      96%         5


Dungeon Overview and Level Annotations

Branches:
Dungeon (3/15)

Altars:

Annotations:
D:3 Ijyb


Innate Abilities, Weirdness & Mutations

You cannot wear most types of armour.
You are amphibious.
You can wear up to eight rings at the same time.
Your skin changes colour to match your surroundings (Stealth+).
Your rubbery body absorbs attacks. (AC +1, EV +1)
((You are camouflaged near water. (Stealth+)))
You have tentacles for arms and can constrict up to eight enemies at once.


Message History

An adder is nearby!
An adder is nearby!
An adder is nearby!
Found 2 sapphire potions.
An adder is nearby!
An adder is nearby!
An adder is nearby!
The adder hisses angrily.
The adder barely misses you. x2
You hit the adder but do no damage. You grab the adder.
You constrict the adder. The adder closely misses you.
The blast of sand hits the adder but does no damage.
The adder is lightly wounded.
You constrict the adder. The adder misses you.
The blast of sand hits the adder!
You kill the adder!
You have reached level 4!
g - 2 scrolls labelled GUCI WUCVUX (gained 1)
Found 11 gold pieces.
m - 2 sapphire potions A hobgoblin comes into view.
A hobgoblin is nearby!
A hobgoblin is nearby!
A hobgoblin is nearby!
The hobgoblin shouts!
You see here 11 gold pieces.
The blast of sand hits the hobgoblin!
You kill the hobgoblin!
You now have 133 gold pieces (gained 11).
Ijyb the Twisted Goblin comes into view.
She is wielding a +0 dagger and carrying a wand of mindburst (8).
Ijyb shouts!
Ijyb zaps a wand.
Your mind is blasted!
Ijyb is nearby!
You can't see any susceptible monsters within range! (Use Z to cast anyway.) Ijyb is nearby!
The blast of sand misses Ijyb.
Ijyb is nearby!
Ijyb zaps a wand.
Your mind is blasted!
Ouch! That really hurt!
You die...

... ... .. ..## .. ...
...####.#
....#.......#
...#.......#
...........# ###
#....g..#... ..#
###...@....... #.#
#.......#..### #.#
#.##.##.# # ##+#.#
#.#.....# .....#
#.#..##.#
.....######.#.....#
................†.#
.....######.........#
......................


You could see Ijyb.

Vanquished Creatures
  An adder (D:3)
  2 dart slugs
  3 endoplasms
  2 giant cockroaches
  A goblin (D:1)
  7 hobgoblins
  9 kobolds
  A quokka (D:2)
  8 ball pythons
  6 bats
  A frilled lizard (D:1)
  A rat (D:1)
42 creatures vanquished.

Notes
Turn   | Place    | Note
-------+----------+-------------------------------------------
     0 | D:1      | Atelerd the Octopode Earth Elementalist began the quest for
                  | the Orb.
     0 | D:1      | Reached XP level 1. HP: 11/11 MP: 3/3
     6 | D:1      | Found a faded altar of an unknown god.
   414 | D:1      | Reached XP level 2. HP: 17/17 MP: 1/5
   925 | D:1      | You fall into a shaft and drop 1 floor!
   981 | D:2      | Reached XP level 3. HP: 18/21 MP: 6/6
  2222 | D:3      | Reached XP level 4. HP: 27/27 MP: 4/8
  2287 | D:3      | Noticed Ijyb
  2291 | D:3      | Blown up by Ijyb

Illustrated notes

Levels and vault maps discovered:
D:1:      dpeg_arrival_simpleton_c, layout_loops_ring, basic_ecumenical_altar
D:2:      layout_basic
D:3:      layout_basic, uniq_ijyb, uniq_sigmund, uniq_grinder

Skill      XL: |  1  2  3 |
---------------+----------+-----
Transmutations | 2 |  2.2
Dodging        | |  2.0
Stealth        | |  2.6
Spellcasting   | |  2.7
Earth Magic    | |  3.7

Action                   |  1- 3 |  4- 6 || total
-------------------------+-------+-------++-------
Melee: Unarmed           |    20 |       ||    20
       Constrict         |     8 |       ||     8
       Tentacles         |     2 |       ||     2
       Dagger            |     4 |       ||     4
 Cast: Sandblast         |    45 |     2 ||    47
 Stab: Sleeping          |     1 |       ||     1
Armor: Skin              |     3 |       ||     3
Dodge: Dodged            |    28 |       ||    28
